Map: King's Cove LE

Players

DarwinAwdWnr

  • Race: Zerg Zerg
  • League: Gold
  • Spawn Location: 11:00

Ventoron - Winner!

  • Race: Terran Terran
  • League: Platinum
  • Spawn Location: 5:00

VOD

Have the link to the VOD?

Description

Time

  • Played on: June 24, 2019, 9:14 a.m.
  • Length: 9:22
Show
View Real Time Build Order
Export as new Build Order

DarwinAwdWnr Zerg 

Build Orders: Hatch First, Swarm Host 

Get SALT Encoding   

  12  0:01  Drone  
  13  0:13  Drone  
  14  0:26  Overlord  
  14  0:29  Extractor  
  14  0:30  Drone  
  15  0:57  Drone x2  
  17  1:06  Drone  
  17  1:07  Extractor  
  17  1:08  Hatchery  
  17  1:09  Drone  
  17  1:19  Drone  
  17  1:25  Spawning Pool  
  17  1:34  Drone  
  18  1:40  Drone  
  19  1:52  Drone  
  20  2:01  Overlord  
  20  2:14  Queen  
  22  2:19  Overlord  
  22  2:21  Zergling x2  
  23  2:23  Queen  
  24  2:48  Zergling x2  
  24  2:49  Zergling x2  
  24  2:50  Queen  
  26  2:59  Queen  
  28  3:18  Hatchery  
  27  3:25  Drone x4  
  32  3:27  Drone  
  32  4:02  Lair  
  32  4:06  Drone x9  
  41  4:10  Metabolic Boost  
  36  4:48  Drone x5  
  36  4:49  Drone x10  
  46  4:52  Drone  
  46  4:53  Drone  
  47  5:08  Nydus Network  
  47  5:09  Drone  
  47  5:11  Infestation Pit  
  46  5:29  Drone x3  
  46  5:30  Overlord x3  
  49  5:36  Extractor x2  
  47  5:49  Swarm Host  
  47  5:50  Swarm Host x2  
  47  5:55  Extractor  
  55  6:12  Queen x3  
  55  6:13  Spore Crawler  
  60  6:24  Overlord x2, Drone x6  
  60  6:25  Overlord x2  
  66  6:49  Queen x2  
  66  6:50  Queen  
  66  6:51  Swarm Host x2  
  78  7:08  Swarm Host  
  78  7:09  Swarm Host x2  
  87  7:16  Overlord x2  
  87  7:24  Nydus Canal  
  87  7:50  Swarm Host x4  
  100  8:08  Swarm Host  
  100  8:09  Swarm Host  
  100  8:10  Overlord x2  
  49  8:50  Zergling x12  
Show
View Real Time Build Order
Export as new Build Order

Ventoron Terran - Winner!

Build Orders: Reaper Expand, Mech 

Get SALT Encoding   

  12  0:01  SCV  
  13  0:13  SCV  
  14  0:18  Supply Depot  
  14  0:25  SCV  
  15  0:40  SCV, Barracks  
  16  0:45  Refinery  
  16  0:52  SCV  
  18  1:04  SCV  
  18  1:16  SCV  
  19  1:28  Orbital Command  
  19  1:29  Reaper  
  20  1:44  Command Center  
  20  1:50  Refinery  
  20  1:54  SCV  
  21  2:01  Supply Depot  
  21  2:03  Barracks Reactor  
  21  2:06  SCV  
  22  2:18  SCV  
  22  2:21  Factory  
  23  2:30  SCV  
  24  2:55  SCV  
  25  3:00  Orbital Command  
  25  3:06  Barracks Tech Lab  
  25  3:07  SCV, Starport  
  26  3:13  Hellion x2  
  26  3:19  SCV  
  31  3:28  SCV  
  31  3:31  SCV  
  33  3:35  Hellion x2  
  33  3:40  SCV  
  38  3:43  SCV  
  38  3:44  Supply Depot  
  38  3:45  Supply Depot  
  38  3:52  SCV  
  39  3:55  SCV  
  39  4:01  Barracks Reactor, Raven  
  46  4:03  Hellion x2  
  46  4:06  SCV  
  46  4:08  SCV  
  48  4:18  SCV  
  48  4:20  SCV  
  54  4:24  Hellion x2  
  54  4:30  SCV, Supply Depot  
  55  4:31  Supply Depot  
  55  4:32  SCV  
  54  4:56  Hellion  
  54  4:57  Hellion  
  54  5:02  Factory  
  52  5:08  Factory  
  52  5:13  SCV x2  
  52  5:14  Barracks Tech Lab  
  54  5:18  Hellion x2, Supply Depot  
  54  5:19  Supply Depot  
  54  5:20  Refinery  
  54  5:21  Refinery  
  58  5:25  SCV x2, Armory  
  60  5:31  Engineering Bay  
  60  5:35  Medivac  
  62  5:37  SCV x2  
  62  5:39  Viking, Hellion x2  
  70  5:49  SCV  
  71  5:54  Infernal Pre-Igniter  
  71  5:55  SCV  
  72  6:01  SCV  
  72  6:03  Siege Tank  
  76  6:07  Siege Tank  
  76  6:08  SCV  
  80  6:13  SCV  
  80  6:18  Hellion x2  
  85  6:20  SCV  
  85  6:22  Terran Vehicle Weapons Level 1  
  86  6:35  Siege Tank  
  86  6:39  Siege Tank  
  92  6:40  Command Center  
  92  6:43  Medivac  
  94  6:56  Hellion x2  
  94  6:57  Supply Depot x2  
  98  7:07  Siege Tank  
  101  7:10  Medivac  
  103  7:16  Smart Servos  
  103  7:19  Hellion x3  
  109  7:40  Hellion x3, Siege Tank  
  117  8:17  Hellion x4  
  119  8:38  Hellion x3  
  125  8:57  Hellion  
Tags
 
Add a new tag
Caveats
  • Supply blocks, unpowered buildings, or Contaminate may cause inaccurate times.
  • Supply counts are checked every 10 seconds.